 Dungeon Crawl Stone Soup version 0.30-a0-122-g2a1322497e (webtiles) character file.

Game seed: 3361028766205116627

9 Engwar the Caller (level 2, 0/11 HPs)
             Began as a Felid Summoner on Sept 15, 2022.
             Killed from afar by a dart slug (4 damage)
             ... with a slug dart
             ... on level 1 of the Dungeon.
             The game lasted 00:01:59 (571 turns).

Engwar the Caller (Felid Summoner)                   Turns: 571, Time: 00:02:00

Health: 0/11       AC:  1    Str:  4    XL:     2   Next: 3%
Magic:  5/6        EV: 17    Int: 16    God:
Gold:   33         SH:  0    Dex: 16    Spells: 2/5 levels left
                                        Lives:  0   Deaths: 0

rFire   . . .      SeeInvis +    (weapon unavailable)
rCold   . . .      Faith    .    (shield unavailable)
rNeg    . . .      Spirit   .    (body armour unavailable)
rPois   .          Reflect  .    (helmet unavailable)
rElec   .          Harm     .    (cloak unavailable)
rCorr   .          Rampage  .    (gloves unavailable)
Will    .....                    (boots unavailable)
Stlth   ++........               (no amulet)
HPRegen 0.03/turn                (no ring)
MPRegen 0.10/turn                (no ring)

@: quick
A: very small, claws 1, fangs 3, see invisible, speed 1, shaggy fur 1, stealthy
paws, no weapons or thrown items, no armour, multi-lived
a: no special abilities


You were on level 1 of the Dungeon.
You visited 1 branch of the dungeon, and saw 1 of its levels.

You collected 33 gold pieces.

Inventory:

Scrolls
 b - a scroll of noise {unknown}
Potions
 a - a potion of magic
 c - a potion of haste {unknown}


   Skills:
 - Level 2.6 Dodging
 - Level 2.6 Stealth
 + Level 2.3 Spellcasting
 + Level 4.2 Summonings


You had 2 spell levels left.
You knew the following spells:

 Your Spells              Type           Power      Damage    Failure   Level
a - Summon Small Mammal   Summ           60%        N/A       3%          1
b - Call Imp              Summ           15%        N/A       5%          2

Your spell library contained the following spells:

 Spells                   Type           Power      Damage    Failure   Level
 Call Canine Familiar     Summ           15%        N/A       11%         3
 Summon Guardian Golem    Hex/Summ       8%         N/A       26%         3
 Summon Lightning Spire   Summ/Air       8%         N/A       63%         4


Dungeon Overview and Level Annotations

Branches:
Dungeon (1/15)

Altars:


Innate Abilities, Weirdness & Mutations

You have sharp claws.
You have razor-sharp teeth.
You have supernaturally acute eyesight. (SInv)
You cover ground quickly. (Speed+)
You are covered in fur. (AC +1)
Your paws help you pounce on unaware monsters.
You are incapable of wielding weapons or throwing items.
You cannot wear armour.
You gain extra lives every three experience levels.


Message History

Something barely misses your crimson imp.
The rat barely misses your crimson imp. The rat bites your crimson imp.
Something misses your crimson imp. The rat barely misses your crimson imp.
Something closely misses your crimson imp.
The rat closely misses your crimson imp.
The rat barely misses your crimson imp.
Something closely misses your crimson imp.
The rat misses your crimson imp.
Something barely misses your crimson imp.
The rat closely misses your crimson imp.
What are your orders? t - Meow!
Orders for allies: a - Attack new target. r - Retreat! s - Stop attacking. g - Guard the area. f - Follow me.
Anything else - Cancel.
Gang up on whom?
Press: ? - help, Dir - move target, f - rat
Aim: a rat Attack!
Your crimson imp hits the rat.
The rat dies!
Something closely misses your crimson imp.
Your crimson imp hits the dart slug.
What are your orders? t - Meow!
Orders for allies: a - Attack new target. r - Retreat! s - Stop attacking. g - Guard the area. f - Follow me.
Anything else - Cancel.
Gang up on whom?
Press: ? - help, Dir - move target, f - dart slug
Aim: a dart slug (severely wounded, ally target) Attack!
The dart slug bites your crimson imp but does no damage.
Your crimson imp hits the dart slug.
Your crimson imp disappears in a puff of smoke!
The dart slug launches a dart at you. The slug dart hits you.
You die...

... ####..###...(..... #.#
#.#####..........!....# #.#
#.).....###.###....#.## ##.#
##......# #.#...####.######...
####..####.#
#.#.#####..........# .....##
#.###.#.......###.####)#
..########......†w######
#..##..# .§# #..>....#..§##
#.....# ..# #....##...#@.#
####... #.#######..###.....###
#...... #...## ##.#
#.##....######.##... .....# #.#
#.###.#.............
##.#.#####.###.#
#.#..#...#.#....
#.......#.....###...####.#.#....
##.####............## #.#.#....
#.# ##..#>....###..####.#...###
##.###.....###....#.##......##


You could see a dart slug.

Vanquished Creatures
  A goblin (D:1)
  A frilled lizard (D:1)
  A rat (D:1)
3 creatures vanquished.

Vanquished Creatures (collateral kills)
  A dart slug (D:1)
  A goblin (D:1)
  A frilled lizard (D:1)
  A kobold (D:1)
  A rat (D:1)
5 creatures vanquished.

Grand Total: 8 creatures vanquished

Notes
Turn   | Place    | Note
-------+----------+-------------------------------------------
     0 | D:1      | Engwar the Felid Summoner began the quest for the Orb.
     0 | D:1      | Reached XP level 1. HP: 7/7 MP: 4/4
   511 | D:1      | Reached XP level 2. HP: 11/11 MP: 4/6
   514 | D:1      | Learned a level 2 spell: Call Imp
   571 | D:1      | Killed from afar by a dart slug

Illustrated notes

Levels and vault maps discovered:
D:1:      lightli_arrival_windingriver, layout_rooms, minmay_hexomino_f4

Action                   || total
-------------------------++-------
Melee: Unarmed           ||    12
 Cast: Summon Small Mamm ||     9
       Call Imp          ||     1
 Stab: Sleeping          ||     1
Dodge: Dodged            ||     8

Table legend: (Time is in decaauts)
 A = Elapsed time spent in this place.
 B = Non-inter-level travel time spent in this place.
 C = Inter-level travel time spent in this place.
 D = Time resting spent in this place.
 E = Time spent auto-exploring this place.
 F = Levels seen in this place.
 G = Mean time per level.
                   A        B        C        D        E       F      G
               +--------+--------+--------+--------+--------+-----+--------+
         Total |    522 |    522 |      0 |    198 |    225 |   1 |  522.0 |
       Dungeon |    522 |    522 |      0 |    198 |    225 |   1 |  522.0 |
               +--------+--------+--------+--------+--------+-----+--------+

Top non-repeatable levels by time:
     D:1: 522 daAuts
